 Dungeon Crawl Stone Soup version 0.18.1-48-g4cf74bf (webtiles) character file.

204 GFox the Archer (level 5, -9/34 HPs)
             Began as a High Elf Hunter on Sept 4, 2016.
             Mangled by schammes's ghost (13 damage)
             ... on level 4 of the Dungeon on Sept 5, 2016.
             The game lasted 00:29:07 (3782 turns).

GFox the Archer (High Elf Hunter)                   Turns: 3782, Time: 00:29:08

Health: -9/34      AC:  5    Str: 11    XL:     5   Next: 52%
Magic:  6/6        EV: 12    Int: 15    God:
Gold:   141        SH:  0    Dex: 16    Spells: 0 memorised, 4 levels left

rFire  . . .     SeeInvis .     a - +1 shortbow
rCold  . . .     Gourm    .     c - +1 leather armour
rNeg   . . .     Faith    .     (shield currently unavailable)
rPois  .         Spirit   .     (no helmet)
rElec  .         Dismiss  .     (no cloak)
rCorr  .         Reflect  .     e - +0 pair of gloves
SustAt .         Harm     .     (no boots)
MR     .....                    (no amulet)
Stlth  ++........               (no ring)
                                (no ring)

@: not resistant to hostile enchantments, unstealthy
A: no striking features
a: no special abilities


You were on level 4 of the Dungeon.
You were not hungry.

You visited 1 branch of the dungeon, and saw 4 of its levels.

You collected 141 gold pieces.

Inventory:

Hand Weapons
 a - a +1 shortbow (weapon)
 b - a +0 short sword
Missiles
 d - 5 arrows (quivered)
Armour
 c - a +1 leather armour (worn)
 e - a +0 pair of gloves (worn)
Scrolls
 g - 2 scrolls of remove curse {unknown}
 m - 3 scrolls of identify {unknown}
 n - 3 scrolls of fear {unknown}
 p - a scroll of amnesia {unknown}
 q - a scroll of enchant weapon {unknown}
 r - a scroll of teleportation {unknown}
Potions
 h - a potion of resistance {unknown}
 i - 2 potions of mutation {unknown}
 j - a potion of invisibility {unknown}
 o - a potion of brilliance {unknown}
 s - a potion of lignification {unknown}
Comestibles
 f - 3 bread rations
 l - a meat ration


   Skills:
 + Level 2.2 Fighting
 + Level 8.1 Bows
 + Level 2.0 Armour
 + Level 2.3 Dodging
 + Level 1.2 Stealth


You had 4 spell levels left.
You didn't know any spells.

Dungeon Overview and Level Annotations

Branches:
Dungeon (4/15)
 Temple: D:4-7

Altars:
Pakellas
Vehumet

Annotations:
D:4 schammes's ghost, amateur MiFi


Message History

Schammes's ghost is heavily damaged.
Schammes's ghost hits you.
* * * LOW HITPOINT WARNING * * *
Firing (i - inventory):
d - 7 arrows (quivered)
Press: ? - help, Shift-Dir - straight line, f/p - schammes's ghost
Aim: schammes's ghost (heavily damaged)
You shoot an arrow.
The arrow hits schammes's ghost but does no damage.
Schammes's ghost is heavily damaged.
Schammes's ghost keens inconsolably.
Schammes's ghost completely misses you.
Schammes's ghost says, "Ah, a second chance to prove myself in battle!"
Firing (i - inventory):
d - 6 arrows (quivered)
Press: ? - help, Shift-Dir - straight line, f/p - schammes's ghost
Aim: schammes's ghost (heavily damaged)
You shoot an arrow.
The arrow hits schammes's ghost but does no damage.
Schammes's ghost is heavily damaged.
Schammes's ghost hits you!
You die...

#.....####(.# # ...#
##.##.....(.# #. #..#
####.######...## .##..#
#........#.....## ....#
#..#.###....(...## ##(.#
##....###....(....####...#####
#.......+....(....'...........
##....###>...W....####....####
#...## #....@...## ##...#.##
#.#.# #.#.....## #.##..#.#
#.#.####.##...## ##.##..##
#........###'## #.#.##
###.###### #.# #..#
#..#######.# ##.#
##......##.## #.#
##)..###.#...## #.#
##)#...##......#########.#


You could see schammes's ghost.

Vanquished Creatures
  An orc priest (D:4)
  An orc wizard (D:4)
  5 adders
  An ooze (D:3)
  A worm (D:3)
  A dart slug (D:1)
  3 giant geckos (D:2)
  2 orcs
  2 ball pythons
  9 bats
  2 giant cockroaches (D:2)
  7 goblins
  10 hobgoblins
  16 jackals
  2 quokkas (D:2)
  A ball python skeleton (D:4)
  3 giant newts
  11 kobolds
  4 rats
82 creatures vanquished.

Notes
Turn   | Place    | Note
--------------------------------------------------------------
     0 | D:1      | GFox the High Elf Hunter began the quest for the Orb.
     0 | D:1      | Reached XP level 1. HP: 14/14 MP: 2/2
   260 | D:1      | Reached XP level 2. HP: 19/19 MP: 3/3
   499 | D:1      | Reached skill level 6 in Bows
   968 | D:1      | Reached XP level 3. HP: 24/24 MP: 4/4
  1575 | D:2      | Reached skill level 1 in Armour
  1947 | D:2      | Reached skill level 7 in Bows
  1947 | D:2      | Reached XP level 4. HP: 18/29 MP: 5/5
  2840 | D:3      | Found an oddly glowing altar of Pakellas.
  2973 | D:3      | Found a radiant altar of Vehumet.
  3497 | D:4      | Reached XP level 5. HP: 34/34 MP: 6/6
  3503 | D:4      | Reached skill level 8 in Bows
  3748 | D:4      | Noticed schammes's ghost (amateur MiFi)
  3782 | D:4      | Mangled by schammes's ghost

Skill      XL: |  1  2  3  4  5 |
---------------+----------------+-----
Bows           | 6 7 8 |  8.1
Armour         | 1 2 |  2.0
Fighting       | |  2.2
Dodging        | |  2.3
Stealth        | |  1.2

Action                   |  1- 3 |  4- 6 || total
-------------------------+-------+-------++-------
 Fire: Shortbow          |   108 |   124 ||   232
  Use: Scroll            |     1 |       ||     1
  Eat: Bread ration      |     1 |       ||     1
       Chunk             |       |     4 ||     4
Armor: Leather armour    |     7 |     6 ||    13
Dodge: Dodged            |    21 |    23 ||    44
